 Dungeon Crawl Stone Soup version 0.30-a0-135-g630cfc4551 (webtiles) character file.

Game seed: 13506672184432812477

64 KennySheep the Trooper (level 3, -5/31 HPs)
             Began as a Palentonga Berserker on Sept 21, 2022.
             Was a Believer of Trog.
             Slain by a gnoll
             ... wielding a +0 flail
              (10 damage)
             ... on level 2 of the Dungeon.
             The game lasted 00:03:17 (1524 turns).

KennySheep the Trooper (Palentonga Berserker)       Turns: 1524, Time: 00:03:18

Health: -5/31      AC:  7    Str: 24    XL:     3   Next: 91%
Magic:  3/3        EV:  8    Int:  7    God:    Trog [**....]
Gold:   42         SH:  0    Dex:  9    Spells: 2/2 levels left

rFire   . . .      SeeInvis +    a - +0 hand axe
rCold   . . .      Faith    .    (no shield)
rNeg    . . .      Spirit   .    m - +0 scale mail
rPois   .          Reflect  .    i - +0 helmet
rElec   .          Harm     .    (no cloak)
rCorr   .          Rampage  .    (no gloves)
Will    .....                    (no barding)
Stlth   ..........               (no amulet)
HPRegen 0.10/turn                (no ring)
MPRegen 0.08/turn                (no ring)

@: no status effects
A: large, rugged brown scales 3, see invisible, deformed body, roll 1, armoured
tail
a: Rolling Charge, Renounce Religion, Berserk, Trog's Hand


You were on level 2 of the Dungeon.
You worshipped Trog.
Trog was pleased with you.
You visited 1 branch of the dungeon, and saw 2 of its levels.

You collected 42 gold pieces.

Inventory:

Hand Weapons
 a - a +0 hand axe (weapon)
Armour
 i - a +0 helmet (worn)
 m - a +0 scale mail (worn)
Scrolls
 c - a scroll of enchant weapon {unknown}
 f - a scroll of vulnerability {unknown}
 h - a scroll of magic mapping {unknown}
 j - a scroll of teleportation
 k - a scroll of poison {unknown}
 l - 2 scrolls of butterflies {unknown}
Potions
 d - 3 potions of curing {unknown}
 e - 2 potions of flight {unknown}
 g - 2 potions of lignification {unknown}


   Skills:
 + Level 3.5 Fighting
 * Level 3.3 Axes
 + Level 2.2 Armour
 + Level 2.2 Dodging


You had 2 spell levels left.
You didn't know any spells.
Your spell library was empty.

Dungeon Overview and Level Annotations

Branches:
Dungeon (2/15)

Altars:


Innate Abilities, Weirdness & Mutations

You are completely covered in rugged brown scales. (AC +3, +7% HP)
You have supernaturally acute eyesight. (SInv)
Armour fits poorly on your strangely shaped body.
You can roll at nearby foes to attack.
You have a long armoured tail.


Message History

A gnoll comes into view. It is wielding a +0 whip.
There is an open door here.
The gnoll hits you but does no damage.
You slash the gnoll!
The gnoll is heavily wounded.
The gnoll hits you with a +0 flail.
You hit the gnoll.
The gnoll is severely wounded.
The gnoll hits you but does no damage.
You hit the gnoll.
You kill the gnoll!
Trog accepts your kill.
Okay, then.
You barely miss the gnoll.
You tail-slap the gnoll, but do no damage.
The gnoll hits you with a +0 whip. x2
You barely miss the gnoll. The gnoll hits you with a +0 whip.
You closely miss the gnoll. You tail-slap the gnoll!
The gnoll is severely wounded.
The gnoll hits you with a +0 whip.
You hit the gnoll but do no damage.
The gnoll is severely wounded.
The gnoll completely misses you.
You slash the gnoll!
You kill the gnoll!
Trog accepts your kill.
You hit the gnoll.
The gnoll is lightly wounded.
The gnoll hits you with a +0 flail.
You closely miss the gnoll.
The gnoll is lightly wounded.
The gnoll barely misses you.
You barely miss the gnoll.
The gnoll is lightly wounded.
The gnoll hits you with a +0 flail!
* * * LOW HITPOINT WARNING * * *
You slash the gnoll!
The gnoll is severely wounded.
The gnoll hits you with a +0 flail!
You die...

#########.#######
#......##.###
#######......#[...#
#............'.>..#
##............#....#
..............#....#
.##:..........#....#
.#######......##'###
## #....[.##@#
###### #.....)##g#
#....# #######....
#.##.# ..... #..#.#
#...... #..#.#
#....... ...#.#
#........ ...#.#
#.........
#....#####


You could see a gnoll.

Vanquished Creatures
  2 gnolls (D:2)
  2 dart slugs
  3 bats
  An endoplasm (D:2)
  2 giant cockroaches (D:1)
  5 goblins
  2 hobgoblins
  5 jackals (D:1)
  6 ball pythons
  A frilled lizard (D:1)
  5 kobolds
  5 rats
39 creatures vanquished.

Notes
Turn   | Place    | Note
-------+----------+-------------------------------------------
     0 | D:1      | KennySheep the Palentonga Berserker began the quest for the
                  | Orb.
     0 | D:1      | Reached XP level 1. HP: 19/19 MP: 1/1
   322 | D:1      | Reached XP level 2. HP: 24/25 MP: 2/2
   703 | D:1      | Reached XP level 3. HP: 31/31 MP: 3/3
   977 | D:1      | Found a faded altar of an unknown god.
   978 | D:1      | Noticed a great orb of eyes
   981 | D:1      | Noticed a great orb of eyes
   986 | D:1      | Noticed a great orb of eyes
   989 | D:1      | Noticed a great orb of eyes
  1145 | D:2      | Reached ** piety under Trog
  1524 | D:2      | Slain by a gnoll

Illustrated notes

Levels and vault maps discovered:
D:1:      heliophobic_arrival_dark_side_of_the_moon, layout_basic,
          hellmonk_ecumenical_altar_watching_god
D:2:      layout_basic, uniq_crazy_yiuf_cottage

Skill      XL: |  1  2 |
---------------+-------+-----
Armour         | 2 |  2.2
Dodging        | 2 |  2.2
Fighting       | |  3.5
Axes           | |  3.3

Action                   || total
-------------------------++-------
Melee: Hand axe          ||   105
       Tailslap          ||     9
 Abil: Rolling Charge    ||     2
  Use: Scroll            ||     1
Armor: Animal skin       ||    45
       Scale mail        ||     2
Dodge: Dodged            ||    49

Table legend: (Time is in decaauts)
 A = Elapsed time spent in this place.
 B = Non-inter-level travel time spent in this place.
 C = Inter-level travel time spent in this place.
 D = Time resting spent in this place.
 E = Time spent auto-exploring this place.
 F = Levels seen in this place.
 G = Mean time per level.
                   A        B        C        D        E       F      G
               +--------+--------+--------+--------+--------+-----+--------+
         Total |   1538 |   1506 |     32 |     69 |   1174 |   2 |  769.0 |
       Dungeon |   1538 |   1506 |     32 |     69 |   1174 |   2 |  769.0 |
               +--------+--------+--------+--------+--------+-----+--------+

Top non-repeatable levels by time:
     D:1: 1061 daAuts
     D:2: 477 daAuts
